 Dungeon Crawl Stone Soup version 0.18-a0-822-gb52b7b4 (webtiles) character file.

5632 M4edhros the Covert (level 10, -1/68 HPs)
             Began as an Octopode Artificer on Dec 16, 2015.
             Was a Believer of Fedhas.
             Slain by a killer bee (5 damage)
             ... on level 10 of the Dungeon.
             The game lasted 00:20:37 (10542 turns).

M4edhros the Covert (Octopode Artificer)           Turns: 10542, Time: 00:20:38

Health: -1/68      AC:  1    Str: 11    XL:     10   Next: 74%
Magic:  15/15      EV: 10    Int: 23    God:    Fedhas [**....]
Gold:   568        SH: 12    Dex: 12    Spells: 1 memorised, 10 levels left

rFire  + . .     SeeInvis .     r - +11 spear "Joirr" {pierce, rC+}
rCold  + + .     Gourm    .     E - +0 large shield
rNeg   . . .     Faith    .     (helmet restricted)
rPois  +         Spirit   .     (no amulet)
rElec  +         Dismiss  .     i - +5 ring of intelligence
rCorr  +         Reflect  .     O - ring of protection from magic
SustAt .         Harm     .     S - ring of wizardry
MR     ++...                    W - ring of protection from magic
Stlth  +++++.....               (no ring)
                                (no ring)
                                (no ring)
                                (no ring)

@: lethally poisoned (-1 -> -13), resistant, very slightly contaminated, hasted,
very quick, very resistant to hostile enchantments, quite stealthy
A: almost no armour, amphibious, 8 rings, constrict 8, camouflage 1, blurry
vision 1, screaming 1, gelatinous body 1
a: Evolution, Sunlight, Renounce Religion


You were on level 10 of the Dungeon.
You worshipped Fedhas.
Fedhas was pleased with you.
You were not hungry.

You visited 2 branches of the dungeon, and saw 11 of its levels.

You collected 568 gold pieces.

Inventory:

Hand Weapons
 a - a +0 short sword
 r - the +11 spear "Joirr" (weapon) {pierce, rC+}
   (You found it on level 4 of the Dungeon)

   It inflicts extra damage upon your enemies.
   It protects you from cold.
 v - a +2 dagger of chaos
 x - a +1 mace of protection
 K - a +0 hunting sling
 Q - a +0 blowgun
Missiles
 m - 113 sling bullets
 s - 328 stones (quivered)
 z - 19 poisoned sling bullets
 R - 12 poisoned needles
Armour
 E - a +0 large shield (worn)
Jewellery
 i - a +5 ring of intelligence (left tentacle)
 j - a cursed ring of teleportation
 l - an uncursed ring of teleportation
 O - a ring of protection from magic (right tentacle)
 S - a ring of wizardry (on tentacle)
 W - a ring of protection from magic (on tentacle)
Wands
 b - a wand of flame (2)
 c - a wand of enslavement (16)
 C - a wand of teleportation (6)
 H - a wand of polymorph (13)
 J - a wand of polymorph (7)
 M - a wand of magic darts (16)
 U - a wand of polymorph (10)
Scrolls
 f - 4 scrolls of magic mapping
 g - 2 scrolls of noise
 t - 2 scrolls of enchant weapon
 w - 2 scrolls of teleportation
 y - 2 scrolls of recharging
 D - 4 scrolls of identify
 G - 6 scrolls of remove curse
 L - a scroll of vulnerability {unknown}
 N - a scroll of blinking {unknown}
 T - 2 scrolls of enchant armour {unknown}
Potions
 d - a potion of invisibility
 e - a potion of resistance
 o - a potion of haste
 p - 2 potions of curing
 B - 3 potions of brilliance
 X - a potion of cure mutation
Books
 h - a book of the Earth

   Spells                             Type                      Level
   a - Leda's Liquefaction            Hexes/Earth                  4
   b - Bolt of Magma                  Conjuration/Fire/Earth       5
   c - Statue Form                    Transmutation/Earth          6
   d - Iron Shot                      Conjuration/Earth            6
   e - Shatter                        Earth                        9
 F - a Fen Folio

   Spells                             Type                      Level
   a - Corpse Rot                     Necromancy                   2
   b - Stone Arrow                    Conjuration/Earth            3
   c - Leda's Liquefaction            Hexes/Earth                  4
   d - Summon Forest                  Summoning/Translocation      5
   e - Hydra Form                     Transmutation                6
   f - Summon Hydra                   Summoning                    7
Miscellaneous
 V - a piece from Xom's chessboard
Comestibles
 k - 4 beef jerkies
 n - 29 fruits
 q - 2 slices of pizza
 u - a royal jelly
 A - 7 meat rations


   Skills:
 + Level 5.8 Fighting
 - Level 1.0 Short Blades
 + Level 5.2 Polearms
 + Level 2.6 Slings
 + Level 6.3 Dodging
 + Level 8.5 Stealth
 * Level 3.1 Shields
 * Level 3.9 Spellcasting
 * Level 3.7 Transmutations
 * Level 4.0 Earth Magic
 * Level 1.8 Invocations
 + Level 7.2 Evocations


You had 10 spell levels left.
You knew the following spells:

 Your Spells              Type           Power        Failure   Level  Hunger
a - Statue Form           Trmt/Erth      ###......    100%        6    #######


Dungeon Overview and Level Annotations

Branches:
Dungeon (10/15)            Temple (1/1) D:7
   Lair: D:8-11         Orc: D:9-12

Altars:
Ashenzari
Cheibriados
Dithmenos
Elyvilon
Fedhas
Gozag
Kikubaaqudgha
Makhleb
Nemelex Xobeh
Okawaru
Pakellas
Qazlal
Ru
Sif Muna
Trog
Vehumet
Xom
Yredelemnul
Zin
The Shining One

Shops:
D:10 [

Annotations:
D:4 PeterLawrence's ghost, amateur GrFi
D:6 PeterLawrence's ghost, novice GrFi


Innate Abilities, Weirdness & Mutations

You cannot wear most types of armour.
You are amphibious.
You can wear up to eight rings at the same time.
You can use your tentacles to constrict eight enemies at once.
Your skin changes colour to match your surroundings (Stealth).
Your rubbery body absorbs attacks (AC +1).
Scrolls take you a little longer to read.
You occasionally shout uncontrollably at your foes.


Message History

The killer bee stings your wandering mushroom but does no damage.
Your wandering mushroom closely misses the killer bee.
The killer bee stings you. The killer bee stings you!
The killer bee stings you.
* * * LOW HITPOINT WARNING * * *
The killer bee stings your wandering mushroom!
Your wandering mushroom is destroyed!
You feel a little guilty.
You are very lightly contaminated with residual magic.
Drink which item? (? for menu, Esc to quit)
Okay, then.
You release your grip on the killer bee.
You feel sick. The killer bee stings you.
* * * LOW HITPOINT WARNING * * *
The killer bee stings you!
* * * LOW HITPOINT WARNING * * *
The killer bee stings you.
You die...
Xom is highly amused!
Fedhas appreciates your contribution to the ecosystem. ..# #....# y%%# .(## ..#..# y..# #..########.# ..# %y%

##..........#.#. yy
..............#.## y#
...........####..##y#
.......###....##..y.#
.......# ####...#yy.#
######## ###f@y#.#
###y#..# #....#
#yy#.# ....# ##.#.#
....# .... ....#
...## ##... #(.. ...
(... #.###########..


You could see a queen bee (wandering), 9 killer bees and a friendly wandering
mushroom.

Vanquished Creatures
  A deep elf mage (D:9)
  A troll (D:10)
  Prince Ribbit (D:5)
  Grinder (D:6)
  A two-headed ogre (D:9)
  2 wyverns
  2 yaks (D:10)
  A hippogriff (D:7)
  Edmund (D:5)
  Duvessa (D:5)
  An ice beast (D:6)
  2 orc warriors
  3 ogres
  A phantom (D:8)
  A necrophage (D:6)
  A crocodile (D:9)
  A big kobold (D:8)
  2 centaurs
  Blork the orc (D:6)
  2 giant frogs
  Dowan (D:5)
  A wight (D:8)
  An electric eel (D:8)
  5 crimson imps
  4 hounds
  4 orc priests
  A giant frog skeleton (D:7)
  3 jellies
  A quasit (D:6)
  9 worker ants
  Crazy Yiuf (D:6)
  Jessica (D:2)
  10 orc wizards
  2 iguanas
  Robin (D:2)
  4 gnolls (D:6)
  A river rat (D:5)
  8 adders
  3 shadow imps
  2 oozes
  2 worms (D:5)
  2 adder skeletons
  6 giant geckos
  39 orcs
  10 bats
  7 giant cockroaches
  8 hobgoblins
  7 jackals
  10 kobolds
  5 quokkas
  2 ball pythons (D:3)
  2 ball python skeletons
  3 giant newts (D:3)
  13 goblins
  7 rats
213 creatures vanquished.

Vanquished Creatures (collateral kills)
  A troll (D:10)
  3 yaks (D:10)
  A wraith (D:8)
  A water moccasin (D:8)
  An ice beast (D:8)
  2 big kobolds
  2 giant frogs
  An iguana (D:6)
  A giant gecko (D:10)
  An orc (D:4)
  4 jackals (D:3)
  5 kobolds (D:10)
23 creatures vanquished.

Vanquished Creatures (others)
  7 wandering mushrooms
  2 necrophages
  A worker ant zombie (D:7)
  A quokka skeleton (D:6)
  95 toadstools
106 creatures vanquished.

Grand Total: 342 creatures vanquished

Notes
Turn   | Place    | Note
--------------------------------------------------------------
     0 | D:1      | M4edhros the Octopode Artificer began the quest for the Orb.
     0 | D:1      | Reached XP level 1. HP: 13/13 MP: 3/3
   347 | D:1      | Reached XP level 2. HP: 13/18 MP: 4/4
   618 | D:2      | Noticed Robin
   641 | D:2      | Found a shimmering altar of Xom.
   773 | D:2      | Became a worshipper of Xom of Chaos
   780 | D:2      | Reached skill level 4 in Evocations
   823 | D:2      | Reached XP level 3. HP: 5/23 MP: 6/6
   970 | D:3      | Noticed an ogre
   992 | D:3      | XOM: harmless Air miscast
  1009 | D:3      | Noticed a wyvern
  1009 | D:3      | an ogre changed into a wyvern
  1016 | D:3      | XOM: silly message
  1084 | D:4      | XOM: harmless Hex miscast
  1096 | D:4      | Got a steaming spear
  1097 | D:4      | Identified the +11 spear "Joirr" {pierce, rC+} (You found it on level 4 of the Dungeon)
  1100 | D:4      | XOM: smoke on damage
  1113 | D:4      | XOM: butterfly on damage
  1382 | D:4      | Reached XP level 4. HP: 28/28 MP: 7/7
  1531 | D:4      | Reached skill level 1 in Polearms
  1531 | D:4      | Reached XP level 5. HP: 16/34 MP: 8/8
  1798 | D:4      | Noticed PeterLawrence's ghost (amateur GrFi)
  2087 | D:3      | XOM: harmless Erth miscast
  2256 | D:4      | Found a shimmering altar of Xom.
  2256 | D:4      | Found a burning altar of Makhleb.
  2359 | D:4      | You fall through a shaft!
  2359 | D:5      | Entered Level 5 of the Dungeon
  2410 | D:5      | Reached XP level 6. HP: 37/39 MP: 9/9
  2443 | D:5      | Noticed Prince Ribbit
  2494 | D:5      | Noticed Edmund
  2500 | D:5      | Killed Edmund
  2502 | D:5      | Reached skill level 5 in Evocations
  2519 | D:5      | XOM: colour smoke trail
  2542 | D:5      | Reached XP level 7. HP: 15/46 MP: 10/10
  2567 | D:5      | Reached skill level 5 in Stealth
  2590 | D:5      | XOM: divination: magic mapping
  3058 | D:5      | XOM: divination: detect items
  3231 | D:5      | Killed Prince Ribbit
  3231 | D:5      | Reached skill level 6 in Stealth
  3231 | D:5      | Reached XP level 8. HP: 50/54 MP: 12/12
  3246 | D:5      | Noticed Duvessa
  3247 | D:5      | Noticed Dowan
  3251 | D:5      | Killed Dowan
  3253 | D:5      | Killed Duvessa
  3599 | D:4      | XOM: harmless Trmt miscast
  3687 | D:4      | XOM: harmless Chrm miscast
  3819 | D:4      | XOM: harmless Fire miscast
  4251 | D:6      | Noticed Crazy Yiuf
  4253 | D:6      | Noticed PeterLawrence's ghost (novice GrFi)
  4253 | D:6      | XOM: confuse monster(s)
  4253 | D:6      | Killed Crazy Yiuf
  4264 | D:6      | XOM: cast spell 'Summon Ice Beast'
  4270 | D:6      | XOM: divination: magic mapping
  4273 | D:6      | XOM: summons friendly iron imp
  4502 | D:6      | XOM: medium Fire miscast
  4616 | D:6      | Noticed Blork the orc
  4623 | D:6      | Killed Blork the orc
  4623 | D:6      | Reached skill level 5 in Dodging
  4623 | D:6      | Reached skill level 7 in Stealth
  4750 | D:6      | Noticed Grinder
  4754 | D:6      | Paralysed by Grinder for 7 turns
  4762 | D:6      | XOM: summons 2 friendly demons
  4764 | D:6      | Killed Grinder
  4764 | D:6      | Reached XP level 9. HP: 50/60 MP: 13/13
  4786 | D:6      | Reached skill level 5 in Fighting
  4798 | D:6      | Learned a level 6 spell: Statue Form
  4904 | D:6      | Reached skill level 1 in Earth Magic
  4998 | D:6      | XOM: mild Conj miscast
  5147 | D:6      | Reached skill level 1 in Spellcasting
  5238 | D:6      | Reached skill level 1 in Transmutations
  5240 | D:7      | Found a snail-covered altar of Cheibriados.
  5290 | D:7      | Found a staircase to the Ecumenical Temple.
  5335 | Temple   | Entered the Ecumenical Temple
  5371 | Temple   | Fell from the grace of Xom
  5371 | Temple   | Became a worshipper of Fedhas Madash
  5996 | D:2      | Reached * piety under Fedhas
  6024 | D:2      | Killed Robin
  6136 | D:2      | XOM: summons 2 hostile demons
  6396 | D:2      | Noticed Jessica
  6400 | D:2      | Killed Jessica
  7155 | D:7      | Found a radiant altar of Vehumet.
  7371 | D:7      | You fall through a shaft for 2 floors!
  7371 | D:9      | Noticed a deep elf mage
  7377 | D:9      | Killed a deep elf mage
  7377 | D:9      | Reached skill level 1 in Slings
  7377 | D:9      | Reached skill level 1 in Shields
  7841 | D:8      | XOM: chaos upgrade
  7978 | D:8      | Reached skill level 5 in Polearms
  8088 | D:8      | Reached skill level 8 in Stealth
  8129 | D:8      | Reached XP level 10. HP: 44/66 MP: 15/15
  8308 | D:8      | XOM: medium Necr miscast
  8381 | D:8      | XOM: summons 2 hostile shadow creatures
  8542 | D:7      | XOM: give mutations
  8542 | D:7      | Gained mutation: You are dopey. (Int -2) [Xom's mischief]
  8542 | D:7      | Lost mutation: You are dopey. (Int -2) [Xom's mischief]
  8542 | D:7      | Gained mutation: Scrolls take you a little longer to read. [Xom's mischief]
  8542 | D:7      | Gained mutation: You occasionally shout uncontrollably at your foes. [Xom's mischief]
  8721 | D:7      | XOM: polymorph wandering mushroom -> wandering mushroom
  9125 | D:8      | Reached ** piety under Fedhas
  9678 | D:10     | Entered Level 10 of the Dungeon
  9738 | D:10     | Reached skill level 1 in Invocations
  9786 | D:10     | Noticed a five-headed hydra
 10248 | D:10     | Found Igequll's Antique Armour Boutique.
 10542 | D:10     | Slain by a killer bee

Vault maps used:
D:1:      minmay_arrival_plants_in_alcoves, minmay_misc_feat_diagonals,
          columned_hall_lemuel
D:2:      minmay_kobold_bridge, first_bread, serial_co_window_serial,
          co_window_corner_a, co_window_paths_b, co_window_of_opportunity_a,
          co_window_of_opportunity_a, co_window_corner_a, co_window_corner_b,
          co_window_of_opportunity_b, co_window_broadway_b, co_window_paths_c,
          glass_columns_b, glass_columns_b, xom_teletrap_fun, uniq_jessica,
          uniq_robin
D:4:      grunt_temple_overflow_champion_of_chaos, nicolae_underground_beach
D:5:      gup_sewer_entry_bubbles, uniq_prince_ribbit1, uniq_edmund,
          uniq_duvessa
D:6:      kennysheep_generic_room_16, uniq_grinder, uniq_blork_the_orc,
          uniq_crazy_yiuf_cottage
D:7:      lemuel_crystal_altar, nicolae_overflow_hidden_temple,
          minmay_temple_entry_purple_smoke, corexii_corridor_pit
D:8:      blue_anna_alchemist, st_stairs_5, kennysheep_opposing_triangles
D:10:     special_room, serial_shops, nicolae_shop_trees
Temple:   nicolae_temple_x_marks_the_god_16

Action                   |  1- 3 |  4- 6 |  7- 9 | 10-12 || total
-------------------------+-------+-------+-------+-------++-------
Melee: Short sword       |    31 |       |       |       ||    31
       Spear             |     9 |    52 |   240 |   118 ||   419
Invok: Evolution         |       |       |     3 |     5 ||     8
Evoke: Wand              |     9 |    10 |    11 |     7 ||    37
  Use: Scroll            |     3 |     3 |     5 |     2 ||    13
       Potion            |     2 |       |     5 |     5 ||    12
 Stab: Sleeping          |    11 |     3 |    30 |     5 ||    49
       Distracted        |     1 |     1 |     3 |     2 ||     7
       Paralysed         |       |       |     3 |       ||     3
       Confused          |       |       |       |     2 ||     2
  Eat: Chunk             |     1 |     4 |     5 |       ||    10
       Bread ration      |       |       |     3 |     2 ||     5
